 Dungeon Crawl Stone Soup version 0.20.1-1-g8b1a95d (console) character file.

124 hilaritas the Shield-Bearer (level 5, -1/41 HPs)
             Began as a Formicid Fighter on Aug 17, 2017.
             Killed from afar by Ijyb (9 damage)
             ... with a wand of flame (?/48)
             ... on level 4 of the Dungeon.
             The game lasted 00:04:53 (2367 turns).

hilaritas the Shield-Bearer (Formicid Fighter)      Turns: 2367, Time: 00:04:54

Health: -1/41      AC: 12    Str: 27    XL:     5   Next: 30%
Magic:  5/5        EV:  5    Int:  7    God:
Gold:   169        SH: 10    Dex: 10    Spells: 4/4 levels left

rFire    . . .     SeeInvis +   F - +0 battleaxe
rCold    . . .     Gourm    .   c - +0 shield
rNeg     . . .     Faith    .   h - -1 plate armour (curse)
rPois    .         Spirit   .   (helmet unavailable)
rElec    .         Reflect  .   o - +1 cloak
rCorr    .         Harm     .   (no gloves)
MR       .....                  (no boots)
Stlth    ..........             (no amulet)
Regen    0.2/turn               (no ring)
MPRegen  0.1/turn               (no ring)

@: mighty, very slightly contaminated, invisible
A: permanent stasis, dig shafts and tunnels, four strong arms, antennae 3
a: Dig, Shaft Self


You were on level 4 of the Dungeon.
You were not hungry.

You visited 1 branch of the dungeon, and saw 4 of its levels.

You collected 169 gold pieces.

Inventory:

Hand Weapons
 a - a +0 war axe
 n - a +0 club
 s - a +0 whip
 v - a +0 flail
 F - a +0 battleaxe (weapon)
Missiles
 y - 8 javelins (quivered)
Armour
 c - a +0 shield (worn)
 h - a cursed -1 plate armour (worn)
 o - a +1 cloak (worn)
Jewellery
 e - a cursed -3 ring of dexterity {unknown}
 j - an uncursed ring of see invisible {unknown}
 l - a cursed ring of teleportation {unknown}
 q - an uncursed ring of protection from fire {unknown}
Scrolls
 b - a scroll of enchant armour {unknown}
 k - 2 scrolls of immolation {unknown}
 m - a scroll of random uselessness {unknown}
 p - a scroll of magic mapping {unknown}
 r - 2 scrolls of teleportation {unknown}
 t - a scroll of identify {unknown}
 u - a scroll of recharging {unknown}
 B - a scroll of enchant weapon {unknown}
 C - a scroll of blinking {unknown}
 D - a scroll of fear {unknown}
Potions
 i - 3 potions of invisibility
 w - a potion of heal wounds {unknown}
 x - a potion of lignification {unknown}
 A - a potion of curing {unknown}
Comestibles
 f - 2 bread rations
 g - 2 chunks of flesh
 E - a meat ration


   Skills:
 - Level 3.2 Fighting
 * Level 4.1 Axes
 - Level 3.2 Armour
 + Level 5.0 Shields


You had 4 spell levels left.
You didn't know any spells.

Dungeon Overview and Level Annotations

Branches:
Dungeon (4/15)
 Temple: D:4-7

Altars:
Okawaru

Annotations:
D:4 Ijyb


Innate Abilities, Weirdness & Mutations

You cannot be hasted, slowed, berserked, paralysed or teleported.
You can dig through walls and to a lower floor.
Your four strong arms can wield two-handed weapons with a shield.
You have a pair of large antennae on your head. (SInv)


Message History

Ijyb hits you with a dagger. x2
You hit Ijyb.
Ijyb is heavily wounded.
Ijyb zaps a wand.
The puff of flame hits you!
You hit Ijyb.
Ijyb is heavily wounded.
Ijyb zaps a wand.
The puff of flame hits you!
* * * LOW HITPOINT WARNING * * *
You block Ijyb's attack.
It was a potion of invisibility.
You fade into invisibility!
You block Ijyb's attack.
You are very lightly contaminated with residual magic.
You feel very mighty all of a sudden.
Ijyb zaps a wand.
The puff of flame hits you!
* * * LOW HITPOINT WARNING * * *
You hit Ijyb.
Ijyb is heavily wounded.
Ijyb zaps a wand.
The puff of flame hits you!
You die...

... #. ....#.
#..#.#######
#..........# {
...........#
#######........#
..............#
#........@g..#
#............#
#............#
#......?.....#
#............#
#<.............
#..............#
#..............#
#..............


You could see Ijyb.

Vanquished Creatures
  5 adders (D:2)
  2 worms (D:2)
  A dart slug (D:2)
  A leopard gecko (D:1)
  5 orcs (D:3)
  A ball python (D:2)
  10 bats
  4 giant cockroaches
  2 goblins (D:1)
  5 hobgoblins
  7 jackals (D:2)
  4 frilled lizards
  13 kobolds
  5 rats
65 creatures vanquished.

Notes
Turn   | Place    | Note
-------+----------+-------------------------------------------
     0 | D:1      | hilaritas the Formicid Fighter began the quest for the Orb.
     0 | D:1      | Reached XP level 1. HP: 18/18 MP: 1/1
   192 | D:1      | Reached XP level 2. HP: 24/24 MP: 2/2
   242 | D:1      | Reached skill level 4 in Shields
   566 | D:2      | Reached XP level 3. HP: 28/29 MP: 3/3
   927 | D:2      | Reached XP level 4. HP: 35/35 MP: 4/4
  1695 | D:2      | Reached XP level 5. HP: 40/41 MP: 5/5
  1775 | D:2      | Reached skill level 5 in Shields
  2192 | D:3      | Found an iron altar of Okawaru.
  2346 | D:4      | Noticed Ijyb
  2367 | D:4      | Killed from afar by Ijyb

Skill      XL: |  1  2  3  4  5 |
---------------+----------------+-----
Shields        | 4 5 |  5.0
Axes           | 3 4 |  4.1
Fighting       | |  3.2
Armour         | |  3.2

Action                   |  1- 3 |  4- 6 || total
-------------------------+-------+-------++-------
Melee: War axe           |   101 |       ||   101
       Hand axe          |     9 |    91 ||   100
       Battleaxe         |       |    37 ||    37
  Use: Potion            |       |     2 ||     2
  Eat: Chunk             |       |     5 ||     5
Armor: Plate armour      |    78 |    70 ||   148
       Scale mail        |     2 |       ||     2
Dodge: Dodged            |    20 |    21 ||    41
Block: Shield            |    61 |    80 ||   141
